 Dungeon Crawl Stone Soup version 0.30.0-18-gc0e69614cb (webtiles) character file.

Game seed: 12880552962162340094

125 olmar the Prestidigitator (level 5, 0/37 HPs)
             Began as a Gnoll Wanderer on May 24, 2023.
             Slain by Grinder (7 damage)
             ... on level 3 of the Dungeon.
             The game lasted 00:02:53 (1889 turns).

olmar the Prestidigitator (Gnoll Wanderer)          Turns: 1889, Time: 00:02:53

Health: 0/37       AC:  3    Str: 13    XL:     5   Next: 9%
Magic:  7/7        EV: 12    Int: 10    God:
Gold:   106        SH:  0    Dex: 13    Spells: 5/6 levels left

rFire   . . .        m - +0 rapier
rCold   . . .        (no shield)
rNeg    . . .        e - +0 robe
rPois   .            (no helmet)
rElec   .            (no cloak)
rCorr   .            c - +0 pair of gloves
SInv    .            (no boots)
Will    .....        (no amulet)
Stlth   +++          (no ring)
HPRegen 0.26/turn    (no ring)
MPRegen 0.10/turn

%: no passive effects
@: no status effects
A: fangs 1, strong nose, distributed training
a: no special abilities


You were on level 3 of the Dungeon.
You visited 1 branch of the dungeon, and saw 3 of its levels.

You collected 106 gold pieces.

Inventory:

Hand Weapons
 a - a +0 short sword
 m - a +0 rapier (weapon)
Missiles
 j - 4 poisoned darts
Armour
 c - a +0 pair of gloves (worn)
 e - a +0 robe (worn)
Jewellery
 i - a ring of fire
Scrolls
 d - a scroll of butterflies
 g - 2 scrolls of teleportation {unknown}
 h - 3 scrolls of identify {unknown}
 k - a scroll of magic mapping {unknown}


   Skills:
 + Level 1.4 Fighting
 + Level 2.9 Short Blades
 + Level 1.4 Long Blades
 + Level 1.4 Axes
 + Level 1.4 Maces & Flails
 + Level 1.4 Polearms
 + Level 1.4 Staves
 + Level 1.4 Ranged Weapons
 + Level 1.4 Throwing
 + Level 4.7 Armour
 + Level 1.4 Dodging
 + Level 4.3 Stealth
 + Level 1.4 Shields
 + Level 1.4 Unarmed Combat
 + Level 1.4 Spellcasting
 + Level 1.1 Conjurations
 + Level 1.1 Hexes
 + Level 1.1 Summonings
 + Level 1.1 Necromancy
 + Level 1.1 Translocations
 + Level 1.1 Transmutations
 + Level 1.1 Fire Magic
 + Level 1.1 Ice Magic
 + Level 1.1 Air Magic
 + Level 1.1 Earth Magic
 + Level 1.1 Poison Magic
 + Level 1.5 Invocations
 + Level 10.5 Evocations


You had 5 spell levels left.
You knew the following spells:

 Your Spells              Type           Power      Damage    Failure   Level
a - Sandblast             Erth           4%         2d4       22%         1

Your spell library contained the following spells:

 Spells                   Type           Power      Damage    Failure   Level
 Ensorcelled Hibernation  Hex/Ice        4%         N/A       32%         2
 Passwall                 Tmut/Erth      1%         N/A       32%         2
 Spider Form              Tmut/Pois      2%         N/A       54%         3
 Stone Arrow              Conj/Erth      4%         3d7       54%         3
 Swiftness                Air            2%         N/A       54%         3
 Anguish                  Hex/Necr       1%         N/A       91%         4


Dungeon Overview and Level Annotations

Branches:
Dungeon (3/15)

Altars:

Annotations:
D:3 Grinder


Innate Abilities, Weirdness & Mutations

You have very sharp teeth.
Your uncanny sense of smell can sniff out nearby items.
Your experience applies equally to all skills.


Message History

Grinder gestures at you. Pain shoots through your body!
You bump into the rock wall.
Grinder barely misses you.
You miss Grinder.
Grinder is moderately wounded.
Grinder blinks!
You bump into the rock wall.
Grinder gestures at you.
You suddenly lose the ability to move!
You feel less invigorated.
You feel less confused.
You can move again.
Unknown command.
Unknown command.
Grinder hits you but does no damage.
Unknown command.
You hit Grinder. You bite Grinder, but do no damage.
Grinder is moderately wounded.
Grinder gestures at you. Pain shoots through your body!
Unknown command.
You hit Grinder.
Grinder is heavily wounded.
Grinder hits you.
You writhe in agony.
Unknown command.
You hit Grinder.
Grinder is severely wounded.
Grinder barely misses you.
Unknown command.
You closely miss Grinder.
Grinder is severely wounded.
Grinder blinks!
Unknown command.
Grinder says, "Wait up."
Grinder hits you!
You writhe in agony.
* * * LOW HITPOINT WARNING * * *
Unknown command.
You closely miss Grinder.
Grinder is severely wounded.
Grinder hits you!
You die...

##########
.........########
.##.............#
..#.####.######.#
....####.######.##
................5##########
#.######.######.@..........
#.# #.# #######.##### #.#
#.# # #.# #.# #.# #.# #.#
#.# ∆ #.# #.#


You could see Grinder.

Vanquished Creatures
  4 gnolls (D:2)
  4 adders (D:2)
  2 dart slugs (D:1)
  7 ball pythons
  7 bats
  3 endoplasms
  4 goblins
  2 jackals (D:1)
  3 kobolds (D:1)
  3 quokkas
  2 frilled lizards (D:1)
  3 rats
44 creatures vanquished.

Notes
Turn   | Place    | Note
-------+----------+-------------------------------------------
     0 | D:1      | Reached skill level 10 in Evocations
     0 | D:1      | olmar the Gnoll Wanderer began the quest for the Orb.
     0 | D:1      | olmar set off with the following items: a +0 short sword, a
                  | wand of acid (2), a +0 pair of gloves, a scroll of
                  | butterflies, a +0 robe.
     0 | D:1      | Reached XP level 1. HP: 13/13 MP: 1/1
   120 | D:1      | Reached XP level 2. HP: 11/19 MP: 2/2
   638 | D:1      | Reached XP level 3. HP: 24/25 MP: 3/3
   966 | D:2      | Reached skill level 1 in Invocations
  1261 | D:2      | Reached skill level 1 in Fighting
  1261 | D:2      | Reached skill level 1 in Long Blades
  1261 | D:2      | Reached skill level 1 in Axes
  1261 | D:2      | Reached skill level 1 in Maces & Flails
  1261 | D:2      | Reached skill level 1 in Polearms
  1261 | D:2      | Reached skill level 1 in Staves
  1261 | D:2      | Reached skill level 1 in Ranged Weapons
  1261 | D:2      | Reached skill level 1 in Throwing
  1261 | D:2      | Reached skill level 1 in Dodging
  1261 | D:2      | Reached skill level 1 in Shields
  1261 | D:2      | Reached skill level 1 in Unarmed Combat
  1261 | D:2      | Reached skill level 1 in Spellcasting
  1312 | D:2      | Reached XP level 4. HP: 26/32 MP: 5/5
  1544 | D:2      | Reached skill level 1 in Conjurations
  1544 | D:2      | Reached skill level 1 in Hexes
  1544 | D:2      | Reached skill level 1 in Summonings
  1544 | D:2      | Reached skill level 1 in Necromancy
  1544 | D:2      | Reached skill level 1 in Translocations
  1544 | D:2      | Reached skill level 1 in Transmutations
  1544 | D:2      | Reached skill level 1 in Fire Magic
  1544 | D:2      | Reached skill level 1 in Ice Magic
  1544 | D:2      | Reached skill level 1 in Air Magic
  1544 | D:2      | Reached skill level 1 in Earth Magic
  1544 | D:2      | Reached skill level 1 in Poison Magic
  1729 | D:2      | Reached XP level 5. HP: 34/37 MP: 7/7
  1835 | D:3      | Learned a level 1 spell: Sandblast
  1865 | D:3      | Noticed Grinder
  1880 | D:3      | Paralysed by Grinder for 2 turns
  1889 | D:3      | Slain by Grinder

Illustrated notes

Levels and vault maps discovered:
D:1:      mrwooster_arrival_arrow, layout_basic, nicolae_figureground_pulse
D:2:      layout_basic
D:3:      layout_loops_ring, zin_treasury, serial_shops,
          nicolae_shop_back_alley_shop, uniq_grinder

Skill      XL: |  1  2  3  4 |
---------------+-------------+-----
Evocations     | | 10.5
Invocations    | 1 |  1.5
Fighting       | 1 |  1.4
Long Blades    | 1 |  1.4
Axes           | 1 |  1.4
Maces & Flails | 1 |  1.4
Polearms       | 1 |  1.4
Staves         | 1 |  1.4
Ranged Weapons | 1 |  1.4
Throwing       | 1 |  1.4
Dodging        | 1 |  1.4
Shields        | 1 |  1.4
Unarmed Combat | 1 |  1.4
Spellcasting   | 1 |  1.4
Conjurations   | 1 |  1.1
Hexes          | 1 |  1.1
Summonings     | 1 |  1.1
Necromancy     | 1 |  1.1
Translocations | 1 |  1.1
Transmutations | 1 |  1.1
Fire Magic     | 1 |  1.1
Ice Magic      | 1 |  1.1
Air Magic      | 1 |  1.1
Earth Magic    | 1 |  1.1
Poison Magic   | 1 |  1.1
Short Blades   | |  2.9
Armour         | |  4.7
Stealth        | |  4.3

Action                     |  1- 3 |  4- 6 || total
---------------------------+-------+-------++-------
  Melee: Short sword       |   140 |    29 ||   169
         Bite              |    10 |     5 ||    15
         Punch             |     1 |     1 ||     2
         Rapier            |       |    29 ||    29
   Cast: Sandblast         |       |     1 ||     1
  Evoke: Wand              |       |     2 ||     2
    Use: Potion            |       |     2 ||     2
   Stab: Sleeping          |     6 |     1 ||     7
 Armour: Robe              |    48 |     4 ||    52
  Dodge: Dodged            |    83 |    29 ||   112
